Map: 2000 Atmospheres LE

Players

scplayeer - Winner!

  • Race: Protoss Protoss
  • League: Bronze

Pongo

  • Race: Terran Terran

VOD

Have the link to the VOD?

Description

Helion

Time

  • Played on: Oct. 1, 2021, 11:40 p.m.
  • Length: 6:43
Show
View Real Time Build Order
Export as new Build Order

scplayeer Protoss - Winner!

Build Orders: Blink Stalkers 

Get SALT Encoding   

  12  0:00  Probe  
  13  0:12  Probe  
  14  0:17  Pylon  
  14  0:24  Probe (Chrono Boost)  
  15  0:37  Probe (Chrono Boost)  
  15  0:39  Gateway  
  16  0:43  Probe (Chrono Boost)  
  17  0:51  Probe  
  17  0:56  Pylon  
  18  1:02  Assimilator  
  18  1:03  Probe  
  19  1:15  Probe  
  20  1:31  Cybernetics Core  
  20  1:39  Probe  
  21  1:43  Assimilator  
  24  1:57  Nexus  
  24  2:00  Probe  
  24  2:08  Stalker  
  24  2:16  Probe  
  25  2:25  Warp Gate  
  25  2:26  Pylon  
  25  2:28  Probe  
  26  2:40  Assimilator  
  26  2:48  Twilight Council  
  26  2:50  Stalker  
  28  2:53  Probe  
  29  2:58  Pylon  
  29  3:06  Probe  
  30  3:15  Probe  
  30  3:18  Probe  
  32  3:20  Stalker  
  32  3:27  Probe, Gateway  
  34  3:30  Blink (Chrono Boost)  
  35  3:47  Gateway  
  35  3:55  Probe  
  36  4:01  Stargate  
  36  4:02  Probe  
  37  4:09  Probe  
  39  4:17  Robotics Facility  
  39  4:19  Assimilator  
  39  4:21  Stalker  
  40  4:24  Stalker  
  40  4:29  Probe x2  
  44  4:44  Oracle (Chrono Boost)  
  47  4:51  Probe x2  
  49  5:01  Forge  
  49  5:04  Observer  
  49  5:06  Pylon  
  50  5:12  Probe x2  
  52  5:27  Nexus  
  52  5:33  Void Ray  
  53  5:35  Probe  
  53  5:37  Observer, Probe  
  59  5:47  Probe  
  61  5:50  Probe  
  61  5:55  Stargate  
  62  6:18  Probe  
  62  6:22  Stalker x2  
  71  6:41  Stalker  
Show
View Real Time Build Order
Export as new Build Order

Pongo Terran 

Build Orders:  

Get SALT Encoding   

  12  0:02  SCV  
  13  0:15  Supply Depot  
  13  0:18  SCV  
  14  0:30  SCV  
  15  0:39  Barracks  
  15  0:43  Refinery  
  15  0:47  SCV  
  16  0:56  Supply Depot  
  16  0:59  SCV  
  17  1:12  Engineering Bay  
  17  1:26  Marine  
  18  1:41  Orbital Command  
  18  1:47  Refinery  
  18  1:48  Barracks Reactor  
  18  2:07  SCV  
  19  2:11  Terran Infantry Weapons Level 1  
  19  2:33  Marine x2  
  21  2:48  Command Center  
  21  2:51  Marine x2  
  21  2:58  SCV  
  24  3:04  Supply Depot  
  24  3:09  Marine x2  
  24  3:10  SCV  
  27  3:17  Barracks  
  27  3:26  Supply Depot  
  27  3:27  Marine  
  27  3:41  Factory  
  27  4:02  Orbital Command  
  27  4:03  Bunker  
  27  4:05  SCV  
  28  4:10  Terran Infantry Armor Level 1  
  28  4:20  Barracks Tech Lab  
  28  4:22  Supply Depot  
  28  4:25  Factory Tech Lab  
  28  4:32  Marine  
  28  4:33  Starport  
  29  4:42  Refinery  
  29  4:44  Supply Depot  
  29  4:57  Marine  
  29  4:58  Marine  
  29  4:59  Marine  
  32  5:00  Combat Shield  
  32  5:12  Siege Tank  
  35  5:15  Marine  
  35  5:17  Marine  
  37  5:26  Starport Reactor  
  34  5:44  SCV  
  34  5:45  Siege Tank  
Tags
 
Add a new tag
Caveats
  • Supply blocks, unpowered buildings, or Contaminate may cause inaccurate times.
  • Supply counts are checked every 10 seconds.